 Dungeon Crawl Stone Soup version 0.29.1-1-gd02db6906a (webtiles) character file.

Game seed: 16478957323113192432

9 christhawk the Conjurer (level 2, -2/20 HPs)
             Began as a Draconian Conjurer on Sept 24, 2022.
             Slain by an adder (4 damage)
             ... on level 2 of the Dungeon.
             The game lasted 00:00:49 (288 turns).

christhawk the Conjurer (Draconian Conjurer)         Turns: 288, Time: 00:00:50

Health: -2/20      AC:  4    Str:  9    XL:     2   Next: 3%
Magic:  2/5        EV: 12    Int: 18    God:
Gold:   10         SH:  0    Dex:  9    Spells: 4/5 levels left

rFire   . . .      SeeInvis .   a - +0 mace
rCold   . . .      Faith    .   (no shield)
rNeg    . . .      Spirit   .   (body armour unavailable)
rPois   .          Reflect  .   (helmet restricted)
rElec   .          Harm     .   (no cloak)
rCorr   .          Rampage  .   (no gloves)
Will    .....                   (no boots)
Stlth   ++........              (no amulet)
HPRegen 0.06/turn               (no ring)
MPRegen 0.09/turn               (no ring)

@: lethally poisoned (-2 -> -5)
A: AC +4, unfitting armour, cold-blooded
a: no special abilities


You were on level 2 of the Dungeon.
You visited 1 branch of the dungeon, and saw 2 of its levels.

You collected 10 gold pieces.

Inventory:

Hand Weapons
 a - a +0 mace (weapon)
Potions
 b - a potion of magic


   Skills:
 + Level 1.8 Dodging
 + Level 1.8 Stealth
 + Level 2.0 Spellcasting
 + Level 4.4 Conjurations


You had 4 spell levels left.
You knew the following spells:

 Your Spells              Type           Power      Damage    Failure   Level
a - Magic Dart            Conj           68%        1d6       3%          1

Your spell library contained the following spells:

 Spells                   Type           Power      Damage    Failure   Level
 Searing Ray              Conj           34%        2d5       4%          2
 Dazzling Flash           Conj/Hex       18%        N/A       22%         3
 Fulminant Prism          Conj/Hex       4%         3d6       58%         4
 Iskenderun's Mystic Bla  Conj/Tloc      9%         2d4       58%         4


Dungeon Overview and Level Annotations

Branches:
Dungeon (2/15)

Altars:


Innate Abilities, Weirdness & Mutations

Your plain brown scales are hard. (AC +4)
You cannot fit into any form of body armour.
You are cold-blooded and may be slowed by cold attacks.


Message History

You hit the adder but do no damage.
The adder is moderately wounded.
You feel sick.
You are no longer poisoned.
The adder bites you.
* * * LOW HITPOINT WARNING * * *
The adder barely misses you.
You closely miss the adder.
Your tail-slap misses the adder.
The adder is moderately wounded.
The adder bites you but does no damage. x2
You barely miss the adder.
The adder is moderately wounded.
The adder barely misses you. The adder closely misses you.
You hit the adder.
The adder is heavily wounded.
The adder closely misses you. The adder barely misses you.
You hit the adder.
The adder is almost dead.
The adder bites you but does no damage.
You miss the adder.
The adder is almost dead.
The adder barely misses you. x2
You barely miss the adder.
You tail-slap the adder, but do no damage.
The adder is almost dead.
The adder bites you.
* * * LOW HITPOINT WARNING * * *
You are lethally poisoned!
The adder poisons you! The adder bites you but does no damage.
You barely miss the adder.
The adder is almost dead.
* * * LOW HITPOINT WARNING * * *
You feel sick. The adder bites you but does no damage.
The adder closely misses you.
You miss the adder.
You tail-slap the adder, but do no damage.
The adder is almost dead.
* * * LOW HITPOINT WARNING * * *
You feel sick. The adder bites you.
You die...

## . # .##
..).######..#####.
#..)S@.##.......
....####......# #
#####..#.##
#......#..#
#.#......>#
###.#.#######
#.....# #.#'###
#.....#


You could see an adder.

Vanquished Creatures
  A dart slug (D:1)
  2 bats (D:1)
  An endoplasm (D:1)
  A goblin (D:2)
  A hobgoblin (D:1)
6 creatures vanquished.

Notes
Turn   | Place    | Note
-------+----------+-------------------------------------------
     0 | D:1      | christhawk the Draconian Conjurer began the quest for the
                  | Orb.
     0 | D:1      | Reached XP level 1. HP: 14/14 MP: 3/3
   224 | D:1      | You fall into a shaft and drop 1 floor!
   271 | D:2      | Reached XP level 2. HP: 20/20 MP: 0/5
   288 | D:2      | Slain by an adder

Illustrated notes

Levels and vault maps discovered:
D:1:      spicycebolla_arrival_clurvy, layout_basic,
          shapermc_ecumenical_altar_mp_urbaneastern
D:2:      layout_basic, serial_shops, shop, minmay_fractal_squares_gapless_5

Action                   || total
-------------------------++-------
Melee: Mace              ||    13
       Tailslap          ||     2
 Cast: Magic Dart        ||    12
Armor: Skin              ||     6
Dodge: Dodged            ||    11
